 Dungeon Crawl Stone Soup version 0.27-a0-29-g2d0a2396b0 (webtiles) character file.

Game seed: 1551018484478363978

333 funkygono the Gusty (level 6, -1/46 HPs)
             Began as a Draconian Air Elementalist on Jan 3, 2021.
             Was an Initiate of Vehumet.
             Slain by a bullfrog (9 damage)
             ... on level 7 of the Dungeon.
             The game lasted 00:09:28 (4600 turns).

funkygono the Gusty (Draconian Air Elementalist)    Turns: 4600, Time: 00:09:28

Health: -1/46      AC:  7    Str: 10    XL:     6   Next: 27%
Magic:  10/10      EV: 12    Int: 17    God:    Vehumet [......]
Gold:   150        SH:  0    Dex: 12    Spells: 1/11 levels left

rFire    . . .     SeeInvis .   a - +0 whip
rCold    . . .     Faith    .   (no shield)
rNeg     . . .     Spirit   .   (armour unavailable)
rPois    .         Reflect  .   (helmet restricted)
rElec    .         Harm     .   (no cloak)
rCorr    .         Rampage  .   (no gloves)
Will     .....                  h - +0 pair of boots
Stlth    ++........             (no amulet)
HPRegen  0.15/turn              k - ring of wizardry (curse)
MPRegen  0.12/turn              (no ring)

@: sluggish, very slow
A: unfitting armour, cold-blooded, AC +6
a: Renounce Religion


You were on level 7 of the Dungeon.
You worshipped Vehumet.
Vehumet was noncommittal.
You visited 2 branches of the dungeon, and saw 6 of its levels.

You collected 150 gold pieces.

Inventory:

Hand Weapons
 a - a +0 whip (weapon)
Armour
 h - a +0 pair of boots (worn)
Jewellery
 k - a cursed ring of wizardry (left hand)
Scrolls
 f - a scroll of teleportation
 g - a scroll of noise {unknown}
 i - 2 scrolls of remove curse
 j - a scroll of amnesia
 o - a scroll of identify
Potions
 b - 2 potions of magic
 c - 2 potions of haste
 d - a potion of resistance
 e - 3 potions of curing
 l - a potion of attraction
 m - a potion of brilliance {unknown}
 n - 2 potions of heal wounds


   Skills:
 + Level 0.4 Fighting
 + Level 1.0 Maces & Flails
 + Level 2.1 Dodging
 - Level 2.0 Stealth
 + Level 3.2 Spellcasting
 + Level 2.9 Conjurations
 + Level 5.2 Air Magic


You had one spell level left.
You knew the following spells:

 Your Spells              Type           Power        Failure   Level
a - Shock                 Conj/Air       64%          1%          1
b - Swiftness             Air            20%          1%          2
c - Static Discharge      Conj/Air       16%          4%          3
d - Airstrike             Air            10%          9%          4

Your spell library contained the following spells:

 Spells                   Type           Power        Failure   Level
 Lightning Bolt           Conj/Air       8%           32%         5


Dungeon Overview and Level Annotations

Branches:
Dungeon (4/15)             Temple (1/1) D:4

Altars:
Dithmenos
Elyvilon
Fedhas
Gozag
Hepliaklqana
Kikubaaqudgha
Ru
Sif Muna
Trog
Uskayaw
Vehumet
Wu Jian
Xom
Yredelemnul

Shops:
D:4 [(

Annotations:
D:7 1 runed translucent door


Innate Abilities, Weirdness & Mutations

Your plain brown scales are hard. (AC +6)
You cannot fit into any form of body armour.
You are cold-blooded and may be slowed by cold attacks.


Message History

The centaur zombie barely misses you.
The bullfrog hits you but does no damage.
Found a runed translucent door.
The orc shouts!
The bullfrog closely misses you. The centaur zombie barely misses you.
The bullfrog hits you. The bullfrog closely misses you. The bullfrog hits you.
The bullfrog hits you but does no damage.
The centaur zombie hits you!
* * * LOW HITPOINT WARNING * * *
The bullfrog misses you. x2
The bullfrog hits you but does no damage.
The centaur zombie barely misses you.
You start to feel a little faster.
The bullfrog hits you.
* * * LOW HITPOINT WARNING * * *
The bullfrog hits you but does no damage.
The centaur zombie misses you. The bullfrog barely misses you.
The bullfrog barely misses you. The bullfrog hits you!
You die...

. ..# ... ..# . #.. ..# ..
##.. ..# 8 ... #..##..# o#
.... #......####+# .....
#....##.[...#
......##F..../.#
..#...@FZ....##### ..#
..#.#......Z...#.#.#..#
................#......#
..#...........#.$.##...# #
.............#.#.#....##.
.................#.##......
...##........##....#.......
.............##............
.....<#...#................


You could see 2 bullfrogs, an adder zombie and a centaur zombie.

Vanquished Creatures
  An orc priest (D:4)
  An orc wizard (D:4)
  Natasha (thrice) (D:2)
  2 worker ants
  Robin (D:2)
  4 adders
  An ufetubus (D:3)
  An adder skeleton (D:2)
  5 worms
  2 dart slugs (D:1)
  3 leopard geckos
  4 orcs (D:4)
  4 bats
  A bat zombie (D:2)
  3 giant cockroaches
  16 goblins
  6 hobgoblins
  4 jackals (D:2)
  3 quokkas (D:3)
  3 ball pythons
  3 frilled lizards
  5 kobolds
  A quokka skeleton (D:7)
  8 rats
85 creatures vanquished.

Vanquished Creatures (others)
  4 toadstools (D:4)
  A withered plant (D:2)
5 creatures vanquished.

Grand Total: 90 creatures vanquished

Notes
Turn   | Place    | Note
-------+----------+-------------------------------------------
     0 | D:1      | funkygono the Draconian Air Elementalist began the quest
                  | for the Orb.
     0 | D:1      | Reached XP level 1. HP: 14/14 MP: 3/3
   245 | D:1      | Reached XP level 2. HP: 20/20 MP: 0/5
   607 | D:1      | Learned a level 2 spell: Swiftness
   823 | D:1      | Reached XP level 3. HP: 26/26 MP: 4/6
  1023 | D:1      | Learned a level 3 spell: Static Discharge
  1254 | D:2      | Reached skill level 4 in Air Magic
  1362 | D:2      | Noticed Robin
  1367 | D:2      | Killed Robin
  1433 | D:2      | Reached XP level 4. HP: 24/33 MP: 1/7
  1817 | D:2      | Noticed Natasha
  1824 | D:2      | Killed Natasha
  2141 | D:2      | Noticed Natasha
  2154 | D:2      | Killed Natasha
  2155 | D:2      | Reached XP level 5. HP: 25/38 MP: 2/8
  2356 | D:2      | Noticed Natasha
  2363 | D:2      | Killed Natasha
  2548 | D:2      | Found a shadowy altar of Dithmenos.
  3290 | D:3      | Reached skill level 5 in Air Magic
  3424 | D:3      | Reached skill level 1 in Maces & Flails
  3713 | D:3      | Learned a level 4 spell: Airstrike
  3819 | D:4      | Found Tahabb's Antique Weapon Emporium.
  3854 | D:4      | Reached XP level 6. HP: 45/46 MP: 5/10
  4196 | D:4      | Found a staircase to the Ecumenical Temple.
  4205 | Temple   | Entered the Ecumenical Temple
  4266 | Temple   | Became a worshipper of Vehumet
  4429 | D:4      | Found Kitt's Armour Shop.
  4525 | D:4      | You fall into a shaft and drop 3 floors!
  4529 | D:7      | Noticed an ice beast
  4595 | D:7      | Found a runed translucent door.
  4600 | D:7      | Slain by a bullfrog

Illustrated notes

Levels and vault maps discovered:
D:1:      minmay_arrival_four_houses, layout_rooms, minmay_misc_feat_enclosed
D:2:      layout_loops_ring, lemuel_round_altar, serial_undead, serial_undead_e,
          serial_undead_b, serial_undead_a, serial_undead_d,
          hangedman_abyss_or_decor_lesser_grid, uniq_robin, uniq_natasha
D:3:      minmay_evil_eye, layout_loops_corners
D:4:      layout_basic, chequers_temple_overflow_minitemple,
          minmay_temple_entry_poolview, serial_shops, shop, nicolae_shop_trees,
          shop, nicolae_shop_statue_plus, nicolae_shop_trees,
          minmay_gold_behind_fungi
D:7:      layout_cave_pools, tso_altar, lightli_church_of_beogh
Temple:   nicolae_temple_figure_eight

Skill      XL: |  1  2  3  4  5  6 |
---------------+-------------------+-----
Dodging        | 2 |  2.1
Air Magic      | 4 5 |  5.2
Conjurations   | 2 |  2.9
Spellcasting   | 3 |  3.2
Maces & Flails | 1 |  1.0
Stealth        | 2 |  2.0
Fighting       | |  0.4

Action                   |  1- 3 |  4- 6 || total
-------------------------+-------+-------++-------
Melee: Whip              |    44 |    26 ||    70
       Tailslap          |     5 |     6 ||    11
 Cast: Shock             |    81 |   119 ||   200
       Swiftness         |       |     1 ||     1
  Use: Scroll            |     4 |     8 ||    12
Armor: Skin              |    14 |    31 ||    45
Dodge: Dodged            |    42 |    52 ||    94

Table legend: (Time is in decaauts)
 A = Elapsed time spent in this place.
 B = Non-inter-level travel time spent in this place.
 C = Inter-level travel time spent in this place.
 D = Time resting spent in this place.
 E = Time spent auto-exploring this place.
 F = Levels seen in this place.
 G = Mean time per level.
                   A        B        C        D        E       F      G
               +--------+--------+--------+--------+--------+-----+--------+
         Total |   4611 |   4555 |     56 |    188 |   3728 |   6 |  768.5 |
       Dungeon |   4422 |   4385 |     37 |    188 |   3563 |   5 |  884.4 |
        Temple |    189 |    170 |     19 |      0 |    165 |   1 |  189.0 |
               +--------+--------+--------+--------+--------+-----+--------+

Top non-repeatable levels by time:
     D:2: 1367 daAuts
     D:1: 1222 daAuts
     D:3: 1143 daAuts
     D:4: 614 daAuts
  Temple: 189 daAuts
     D:7: 73 daAuts
